 Dungeon Crawl Stone Soup version 0.30.0 (webtiles) character file.

Game seed: 9165977484118624777

535 Minorbread the Covert (level 7, -6/40 HPs)
             Began as a Kobold Brigand on June 1, 2023.
             Mangled by Menkaure (9 damage)
             ... on level 4 of the Dungeon.
             The game lasted 00:13:05 (3874 turns).

Minorbread the Covert (Kobold Brigand)              Turns: 3874, Time: 00:13:06

Health: -6/40      AC:  8    Str:  9    XL:     7   Next: 50%
Magic:  7/7        EV: 13    Int: 12    God:
Gold:   163        SH:  0    Dex: 18    Spells: 6/6 levels left

rFire   x . .        a - +3 dagger
rCold   + . .        (no shield)
rNeg    . . .        g - +0 leather armour
rPois   +            k - +2 helmet {SInv}
rElec   .            c - +0 cloak
rCorr   +            (no gloves)
SInv    +            w - +0 pair of boots
Will    .....        l - amulet of magic regeneration
Stlth   +++++        x - ring "Extofui" {Ice rPois rCorr}
HPRegen 0.26/turn    (no ring)
MPRegen 0.50/turn

%: no passive effects
@: attractive
A: small, no large weapons, nightstalker 3
a: no special abilities


You were on level 4 of the Dungeon.
You visited 1 branch of the dungeon, and saw 4 of its levels.

You collected 163 gold pieces.

Inventory:

Hand Weapons
 a - a +3 dagger (weapon)
 b - a +2 short sword of venom
 A - a +1 short sword of protection
Missiles
 d - 28 poisoned darts (quivered)
 e - a curare-tipped dart
 i - 5 boomerangs
 D - 4 atropa-tipped darts
 E - 2 throwing nets
Armour
 c - a +0 cloak (worn)
 g - a +0 leather armour (worn)
 k - a +2 helmet of see invisible (worn)
 o - a +0 chain mail
 w - a +0 pair of boots (worn)
 C - a +0 robe
Jewellery
 l - an amulet of magic regeneration (around neck)
 x - the ring "Extofui" (left hand) {Ice rPois rCorr}
   (You found it on level 2 of the Dungeon)

   [ring of ice]

   It enhances your ice magic.
   rF:        It makes you vulnerable to fire.
   rC:        It protects you from cold.
   rPois:     It protects you from poison.
   rCorr:     It protects you from acid and corrosion.
 y - a ring of resist corrosion
Wands
 B - a wand of paralysis (6)
 F - a wand of flame (18)
Scrolls
 h - 2 scrolls of teleportation {unknown}
 j - 4 scrolls of magic mapping {unknown}
 n - 4 scrolls of identify {unknown}
 p - a scroll of vulnerability {unknown}
 v - 2 scrolls of fog {unknown}
Potions
 f - a potion of haste
 m - a potion of attraction
 q - 2 potions of curing {unknown}
 r - a potion of resistance {unknown}
 s - a potion of flight {unknown}
 t - 2 potions of cancellation
 u - a potion of might {unknown}
 z - a potion of heal wounds {unknown}


   Skills:
 - Level 2.1 Fighting
 + Level 7.4 Short Blades
 - Level 2.1 Throwing
 - Level 1.2 Dodging
 + Level 9.3 Stealth


You had 6 spell levels left.
You didn't know any spells.
Your spell library contained the following spells:

 Spells                   Type           Power      Damage    Failure   Level
 Cigotuvi's Dreadful Rot  Necr/Pois/Air  0%         N/A       56%         2
 Dispel Undead            Necr           0%         3d6       99%         4
 Death Channel            Necr           0%         N/A       100%        6


Dungeon Overview and Level Annotations

Branches:
Dungeon (4/15)
 Temple: D:4-7

Altars:
Kikubaaqudgha
Makhleb
Vehumet

Shops:
D:4 (

Annotations:
D:4 Menkaure, Robin


Innate Abilities, Weirdness & Mutations

You are small and have problems with some larger weapons.
You are completely attuned to the shadows.


Message History

a +0 whip; a +0 leather armour
Things that are here:
a +0 whip; a +0 leather armour
Things that are here:
a +0 hand axe; an orc corpse
Things that are here:
a +0 vampiric whip; a +0 scale mail; an orc corpse You see here a +0 war axe of electrocution.
A hound and Menkaure come into view.
Your +2 short sword of venom stops dripping with poison.
a - a +3 dagger (weapon)
Found a human corpse.
Found a burning altar of Makhleb.
The helpless hound fails to defend itself.
You perforate the hound like a sieve!!!!
You kill the hound!
Menkaure shouts!
Menkaure casts a spell at you. Pain shoots through your body!
Your +2 short sword of venom begins to drip with poison!
b - a +2 short sword of venom (weapon)
You hit Menkaure.
Menkaure is lightly damaged.
Menkaure hits you!
You hit Menkaure.
Menkaure is lightly damaged.
You hit Menkaure.
Menkaure is moderately damaged.
Menkaure closely misses you.
You hit Menkaure but do no damage.
Menkaure is moderately damaged.
You barely miss Menkaure.
Menkaure is moderately damaged.
Menkaure hits you!
* * * LOW HITPOINT WARNING * * *
Your +2 short sword of venom stops dripping with poison.
a - a +3 dagger (weapon)
It was a potion of attraction.
You feel attractive to monsters. Menkaure hits you!
You die...

####.########........)..#########
#.....#..#....###....#
#####.#.###....###...# ##.#.#
###...###..# #..#.# ###..##..#
######..#.# #####..#..#
#......##.# ##..#..########
#.####....###.††..##...).)#
#.#.......##∩_M@#########)#
#.##.#....###..## #.# #.##.#..###
### #)###### #.##....# #.......
#.####.## ######## #.####.#
#......# ########


You could see Menkaure.

Vanquished Creatures
  A bullfrog (D:3)
  3 jellies (D:2)
  3 orc priests (D:4)
  A hound (D:4)
  An iguana (D:4)
  Ijyb (D:4)
  9 adders
  An ufetubus (D:3)
  A worm (D:4)
  3 dart slugs
  16 orcs
  13 endoplasms
  5 giant cockroaches
  10 goblins
  6 hobgoblins
  2 jackals (D:1)
  3 quokkas
  5 ball pythons
  5 bats
  A frilled lizard (D:1)
  14 kobolds
  5 rats
109 creatures vanquished.

Vanquished Creatures (others)
  2 fungi (D:2)
  9 toadstools (D:2)
11 creatures vanquished.

Grand Total: 120 creatures vanquished

Notes
Turn   | Place    | Note
-------+----------+-------------------------------------------
     0 | D:1      | Minorbread the Kobold Brigand began the quest for the Orb.
     0 | D:1      | Reached XP level 1. HP: 12/12 MP: 1/1
   211 | D:1      | Reached XP level 2. HP: 17/17 MP: 2/2
   426 | D:1      | Reached skill level 6 in Stealth
   426 | D:1      | Reached XP level 3. HP: 21/21 MP: 3/3
  1052 | D:2      | Identified the ring "Extofui" {Ice rPois rCorr}
  1198 | D:2      | Reached XP level 4. HP: 26/26 MP: 4/4
  1226 | D:2      | Reached skill level 7 in Stealth
  1226 | D:2      | Reached XP level 5. HP: 8/30 MP: 5/5
  1229 | D:2      | Reached skill level 5 in Short Blades
  2194 | D:3      | You fall into a shaft and drop 1 floor!
  2203 | D:4      | Found Goduxec's Antique Weapon Boutique.
  2211 | D:4      | Reached XP level 6. HP: 35/35 MP: 6/6
  2350 | D:3      | Found a radiant altar of Vehumet.
  2515 | D:3      | Reached skill level 8 in Stealth
  3330 | D:4      | Noticed Robin
  3386 | D:4      | Reached XP level 7. HP: 40/40 MP: 7/7
  3439 | D:4      | Found an ancient bone altar of Kikubaaqudgha.
  3704 | D:4      | Noticed Ijyb
  3718 | D:4      | Killed Ijyb
  3719 | D:4      | Reached skill level 9 in Stealth
  3859 | D:4      | Noticed Menkaure
  3863 | D:4      | Found a burning altar of Makhleb.
  3874 | D:4      | Mangled by Menkaure

Illustrated notes

Levels and vault maps discovered:
D:1:      amcnicky_arrival_gap_in_the_tavern_cellar, layout_basic
D:2:      cheibrodos_fertilizer, layout_loops_ring, kennysheep_generic_room_10
D:3:      layout_loops_cross, vehumet_crystals
D:4:      layout_basic, makhleb_blood_cavern_becter, old_standard_altar,
          serial_shops, shop_fountains, uniq_robin, uniq_ijyb, uniq_menkaure

Skill      XL: |  1  2  3  4  5  6  7 |
---------------+----------------------+-----
Short Blades   | 3 4 5 6 7 |  7.4
Stealth        | 6 7 8 9 |  9.3
Fighting       | |  2.1
Throwing       | |  2.1
Dodging        | |  1.2

Action                     |  1- 3 |  4- 6 |  7- 9 || total
---------------------------+-------+-------+-------++-------
  Melee: Dagger            |    89 |   116 |    27 ||   232
         Punch             |     1 |     1 |     1 ||     3
         Short sword       |       |     8 |    24 ||    32
  Throw: Dart              |     2 |    10 |       ||    12
         Boomerang         |       |     1 |       ||     1
  Evoke: Wand              |       |     2 |       ||     2
    Use: Potion            |       |     2 |     1 ||     3
         Scroll            |       |     1 |       ||     1
   Stab: Sleeping          |    20 |    19 |     6 ||    45
         Distracted        |       |     2 |     1 ||     3
         Paralysed         |       |     1 |       ||     1
 Armour: Leather armour    |    23 |    34 |    13 ||    70
  Dodge: Dodged            |    51 |    70 |    19 ||   140
